 Dungeon Crawl Stone Soup version 0.26-a0-642-g67e9924 (webtiles) character file.

Game seed: 1407451757077524258

347 TheGoonsmith the Cutter (level 6, -6/33 HPs)
             Began as a Vine Stalker Fighter on Sept 21, 2020.
             Mangled by an ogre
             ... wielding a +0 giant club
              (22 damage)
             ... on level 4 of the Dungeon.
             The game lasted 00:06:26 (3400 turns).

TheGoonsmith the Cutter (Vine Stalker Fighter)      Turns: 3400, Time: 00:06:27

Health: -6/33      AC:  8    Str: 19    XL:     6   Next: 59%
Magic:  0/7        EV:  7    Int:  8    God:
Gold:   231        SH:  9    Dex: 15    Spells: 5/5 levels left

rFire    . . .     SeeInvis .   a - +0 rapier
rCold    . . .     Faith    .   c - +0 kite shield
rNeg     . . .     Spirit   +   b - +0 scale mail
rPois    .         Reflect  .   s - +1 helmet
rElec    .         Harm     .   (no cloak)
rCorr    .         Rampage  .   (no gloves)
MR       .....                  (no boots)
Stlth    ..........             (no amulet)
HPRegen  0.51/turn              (no ring)
MPRegen  0.10/turn              (no ring)

@: no status effects
A: fangs 2, regeneration 1, magic shield, antimagic bite, no potion heal 3, rot
immunity
a: no special abilities


You were on level 4 of the Dungeon.
You visited 1 branch of the dungeon, and saw 4 of its levels.
You also visited: Sewer.

You collected 231 gold pieces.

Inventory:

Hand Weapons
 a - a +0 rapier (weapon)
Armour
 b - a +0 scale mail (worn)
 c - a +0 kite shield (worn)
 s - a +1 helmet (worn)
Jewellery
 j - an uncursed ring of fire {unknown}
Wands
 w - a wand of flame (10)
Scrolls
 e - 2 scrolls of identify
 f - 2 scrolls of noise
 p - 5 scrolls of teleportation
 t - 4 scrolls of remove curse
 v - 2 scrolls of fear
Potions
 d - 4 potions of might
 g - 2 potions of curing
 h - 3 potions of mutation
 i - a potion of heal wounds {unknown}
 k - a potion of lignification
 l - 4 potions of flight {unknown}
 m - 2 potions of invisibility {unknown}
 n - 2 potions of ambrosia {unknown}
 q - a potion of degeneration {unknown}
 r - a potion of stabbing {unknown}
 u - a potion of berserk rage {unknown}


   Skills:
 + Level 3.8 Fighting
 * Level 4.3 Short Blades
 - Level 3.0 Armour
 + Level 3.8 Shields


You had 5 spell levels left.
You didn't know any spells.
Your spell library contained the following spells:

 Spells                   Type           Power        Failure   Level
 Beastly Appendage        Tmut           #.....       99%         1
 Wereblood                Tmut           #.......     100%        2
 Spider Form              Tmut/Pois      #.........   100%        3
 Ice Form                 Ice/Tmut       #.......     100%        4
 Blade Hands              Tmut           #.........   100%        5


Dungeon Overview and Level Annotations

Branches:
Dungeon (4/15)              Sewer (visited)
 Temple: D:4-7

Altars:

Shops:
D:4 ?


Innate Abilities, Weirdness & Mutations

You have extremely sharp teeth.
Your natural rate of healing is unusually fast.
When hurt, damage is shared between your health and your magic reserves.
Your bite disrupts and absorbs the magic of your enemies.
Potions cannot restore your health.
You are immune to rotting.


Message History

You see here a worm corpse.
You feel sick.
You are no longer poisoned.
The ogre shouts!
You block the ogre's attack.
There is an open door here.
You hit the ogre but do no damage. You bite the ogre. You drain its power.
The ogre is lightly wounded.
The ogre hits you with a +0 giant club!!
Ouch! That really hurt!
You are too injured to fight recklessly!
You are too injured to fight recklessly!
You hit the ogre.
The ogre is moderately wounded.
You block the ogre's attack.
You hit the ogre.
The ogre is moderately wounded.
The ogre hits you with a +0 giant club!!
Ouch! That really hurt!
You die...

# .? #. ## .. .
.#.#.## .#
.......#+#.#
#O@∩'.#
###†#####..#
#.#####..†...[#
........#####.#
..####...#
###...###
#.......##.
#..........#
#.......##.#


You could see an ogre.

Vanquished Creatures
  An ogre (D:4)
  3 orc wizards (D:4)
  7 adders
  2 river rats (D:3)
  3 worms
  3 leopard geckos
  6 orcs
  15 bats
  5 giant cockroaches
  9 goblins
  8 hobgoblins
  4 jackals (Sewer)
  A quokka (D:2)
  2 ball pythons
  4 frilled lizards
  11 kobolds
  8 rats
92 creatures vanquished.

Notes
Turn   | Place    | Note
-------+----------+-------------------------------------------
     0 | D:1      | TheGoonsmith the Vine Stalker Fighter began the quest for
                  | the Orb.
     0 | D:1      | Reached XP level 1. HP: 11/11 MP: 2/2
    74 | D:1      | Reached skill level 2 in Short Blades
   180 | D:1      | Reached XP level 2. HP: 16/16 MP: 3/3
   771 | D:1      | Reached XP level 3. HP: 15/19 MP: 4/4
  1367 | D:2      | Gained mutation: Your natural rate of healing is unusually
                  | fast. [Vine Stalker growth]
  1367 | D:2      | Reached XP level 4. HP: 21/24 MP: 5/5
  1664 | D:2      | Reached skill level 3 in Short Blades
  2220 | D:3      | Reached XP level 5. HP: 25/28 MP: 4/6
  2309 | D:3      | Found a glowing drain.
  2313 | Sewer    | Entered a sewer
  3136 | D:4      | Noticed an ogre
  3204 | D:4      | Noticed an ogre
  3218 | D:4      | Killed an ogre
  3218 | D:4      | Reached skill level 4 in Short Blades
  3218 | D:4      | Reached XP level 6. HP: 32/32 MP: 5/7
  3355 | D:4      | Found Asirenof's Magic Scroll Shop.
  3400 | D:4      | Mangled by an ogre

Illustrated notes

Levels and vault maps discovered:
D:1:      dpeg_arrival_connections, layout_basic
D:2:      layout_loops_ring
D:3:      layout_basic, gup_sewer_entry_spiral, minmay_strange_pillars,
          minmay_bisected
D:4:      layout_loops_ring, serial_shops, nicolae_shop_behind_doors,
          uniq_menkaure

Skill      XL: |  1  2  3  4  5 |
---------------+----------------+-----
Short Blades   | 2 3 4 |  4.3
Fighting       | 3 |  3.8
Shields        | 3 |  3.8
Armour         | 3 |  3.0

Action                   |  1- 3 |  4- 6 || total
-------------------------+-------+-------++-------
Melee: Rapier            |    76 |   214 ||   290
       Bite              |    15 |    54 ||    69
Evoke: Wand              |       |     4 ||     4
  Use: Scroll            |       |     9 ||     9
Armor: Scale mail        |    26 |   102 ||   128
Dodge: Dodged            |    22 |    76 ||    98
Block: Kite shield       |    40 |   107 ||   147

Table legend: (Time is in decaauts)
 A = Elapsed time spent in this place.
 B = Non-inter-level travel time spent in this place.
 C = Inter-level travel time spent in this place.
 D = Time resting spent in this place.
 E = Time spent auto-exploring this place.
 F = Levels seen in this place.
 G = Mean time per level.
                   A        B        C        D        E       F      G
               +--------+--------+--------+--------+--------+-----+--------+
         Total |   3560 |   3378 |    182 |      6 |   2401 |   5 |  712.0 |
       Dungeon |   3173 |   2991 |    182 |      6 |   2161 |   4 |  793.2 |
         Sewer |    387 |    387 |      0 |      0 |    240 |   1 |  387.0 |
               +--------+--------+--------+--------+--------+-----+--------+

Top non-repeatable levels by time:
     D:3: 1089 daAuts
     D:1: 1047 daAuts
     D:2: 809 daAuts
   Sewer: 387 daAuts
     D:4: 227 daAuts
